 Dungeon Crawl Stone Soup version 0.29.0-5-ge4962eb29e (webtiles) character file.

Game seed: 4297148620853896961

22254 Arum the Fighter (level 13, -2/111 HPs)
             Began as a Formicid Fighter on Aug 29, 2022.
             Was a High Priest of Okawaru.
             Killed from afar by a hell knight (8 damage)
             ... with a bolt of fire
             ... on level 12 of the Dungeon.
             The game lasted 00:20:56 (15070 turns).

Arum the Fighter (Formicid Fighter)                Turns: 15070, Time: 00:20:56

Health: -2/111     AC: 20    Str: 21    XL:     13   Next: 26%
Magic:  13/15      EV: 13    Int:  9    God:    Okawaru [*****.]
Gold:   399        SH:  6    Dex: 13    Spells: 12/12 levels left

rFire   + . .      SeeInvis +   Q - +5 broad axe (elec)
rCold   + + .      Faith    +   c - +0 buckler
rNeg    . . .      Spirit   .   y - +6 chain mail "Honumeoh" {Drain rElec Will+++ Str-4}
rPois   .          Reflect  .   (helmet unavailable)
rElec   +          Harm     .   L - scarf {rC+ rF+}
rCorr   .          Rampage  .   H - +0 pair of gloves
Will    ++++.                   (no boots)
Stlth   ..........              d - amulet of faith
HPRegen 0.28/turn               s - ring of flight
MPRegen 0.14/turn               M - ring of protection from cold

@: heroic, flying
A: permanent stasis, dig shafts and tunnels, antennae 3, four strong arms, low
MP 1
a: Dig, Shaft Self, Renounce Religion, Heroism, Finesse, Duel


You were on level 12 of the Dungeon.
You worshipped Okawaru.
Okawaru was extremely pleased with you.
You visited 1 branch of the dungeon, and saw 12 of its levels.

You collected 815 gold pieces.
You spent 416 gold pieces at shops.

Inventory:

Hand Weapons
 e - a +1 hand axe of flaming
 C - a +3 antimagic hand axe
 N - a +3 vorpal broad axe
 Q - a +5 broad axe of electrocution (weapon)
 R - a +1 broad axe of venom
Missiles
 n - 5 throwing nets
 p - 2 javelins
Armour
 c - a +0 buckler (worn)
 y - the +6 chain mail "Honumeoh" (worn) {Drain rElec Will+++ Str-4}
   (Okawaru gifted it to you on level 11 of the Dungeon)

   Str:       It affects your strength (-4).
   rElec:     It insulates you from electricity.
   Drain:     It drains your maximum health when unequipped.
   Will:      It greatly increases your willpower.
 B - a +0 plate armour
 H - a +0 pair of gloves (worn)
 I - a +0 chain mail of cold resistance
 L - a scarf of resistance (worn)
Jewellery
 d - an amulet of faith (around neck)
 r - a ring of poison resistance
 s - a ring of flight (left hand)
 M - a ring of protection from cold (right hand)
Wands
 g - a wand of digging (7)
 k - a wand of iceblast (21)
 u - a wand of flame (18)
 v - a wand of quicksilver (4)
 x - a wand of polymorph (17)
Scrolls
 b - a scroll of immolation {unknown}
 f - 3 scrolls of magic mapping
 i - a scroll of amnesia
 m - 2 scrolls of vulnerability
 o - a scroll of brand weapon
 t - a scroll of butterflies {unknown}
 A - a scroll of torment
 D - 2 scrolls of fear
 F - 3 scrolls of enchant armour {unknown}
Potions
 h - 6 potions of flight
 j - 4 potions of curing
 l - a potion of invisibility
 q - 7 potions of lignification
 w - a potion of mutation
 E - a potion of resistance
 G - 2 potions of cancellation {unknown}
 J - 2 potions of brilliance
Miscellaneous
 a - a phial of floods


   Skills:
 + Level 13.5(18.5) Fighting
 + Level 12.2(17.2) Axes
 - Level 9.0(14.0) Armour
 + Level 8.6(13.6) Dodging
 - Level 4.0(9.0) Shields
 - Level 6.0 Invocations


You had 12 spell levels left.
You didn't know any spells.
Your spell library contained the following spells:

 Spells                   Type           Power      Damage    Failure   Level
 Freeze                   Ice            0%         1d3       94%         1
 Magic Dart               Conj           0%         1d3       94%         1
 Shock                    Conj/Air       0%         1d3       94%         1
 Ensorcelled Hibernation  Hex/Ice        0%         N/A       98%         2
 Frozen Ramparts          Ice            0%         1d1       100%        3
 Ignite Poison            Fire/Tmut/Pois 0%         N/A       100%        3
 Mephitic Cloud           Conj/Pois/Air  0%         N/A       100%        3
 Spider Form              Tmut/Pois      0%         N/A       100%        3
 Stone Arrow              Conj/Erth      0%         3d7       100%        3
 Vampiric Draining        Necr           0%         2d6       100%        3
 Anguish                  Hex/Necr       0%         N/A       100%        4
 Fulminant Prism          Conj/Hex       0%         3d6       100%        4
 Hailstorm                Conj/Ice       0%         3d3       100%        4
 Ice Form                 Ice/Tmut       0%         N/A       100%        4
 Iskenderun's Mystic Bla  Conj/Tloc      0%         2d3       100%        4
 Freezing Cloud           Conj/Ice/Air   0%         6-21      100%        5
 Lee's Rapid Deconstruct  Erth           0%         3d5*      100%        5
 Lehudib's Crystal Spear  Conj/Erth      0%         10d2      100%        8
 Call Imp                 Summ           Unusable   N/A       N/A         2
 Animate Armour           Summ/Erth      Unusable   N/A       N/A         4
 Simulacrum               Ice/Necr       Unusable   N/A       N/A         6
 Haunt                    Necr/Summ      Unusable   N/A       N/A         7

Dungeon Overview and Level Annotations

Branches:
Dungeon (12/15)            Temple (0/1) D:6            Lair (0/5) D:11
    Orc (0/2) D:9

Altars:
Cheibriados
Elyvilon
Fedhas
Hepliaklqana
Kikubaaqudgha
Okawaru
Trog
Wu Jian
Yredelemnul

Shops:
D:9 *

Annotations:
D:5 1 runed translucent door, arrururu's ghost, novice TeAE


Innate Abilities, Weirdness & Mutations

You cannot be hasted, slowed, berserked, paralysed or teleported.
You can dig through walls and to a lower floor.
You have a pair of large antennae on your head. (SInv)
Your four strong arms can wield two-handed weapons with a shield.
Your magical capacity is low. (-10% MP)


Message History

The hell knight seems to speed up.
You slice the hell hound!!
You kill the hell hound!
Okawaru accepts your kill.
You hit the hell knight.
The hell knight hits you with a +1 great mace!
Unknown command.
You hit the hell knight.
Lightning courses through the hell knight!
The hell knight is moderately wounded.
The hell knight hits you with a +1 great mace.
You slice the hell knight!!
Lightning courses through the hell knight!
The hell knight is almost dead.
You slash the hell knight! The hell knight misses you.
The hell knight hits you with a +3 great sword of flaming.
Unknown command.
You are too injured to fight recklessly!
Unknown command.
You are too injured to fight recklessly!
Unknown command.
You hit the hell knight.
The hell knight is moderately wounded.
You slash the hell knight!
The hell knight hits you but does no damage.
The hell knight hits you with a +3 great sword of flaming!!
* * * LOW HITPOINT WARNING * * *
The hell knight burns you!
* * * LOW HITPOINT WARNING * * *
The hell knight invokes the aid of its god against you.
The bolt of fire hits you. You resist.
* * * LOW HITPOINT WARNING * * *
You hear a shout!
Unknown command.
The hell knight attacks as you move away!
The hell knight hits you with a +1 great mace.
* * * LOW HITPOINT WARNING * * *
The hell knight invokes the aid of its god against you.
The bolt of fire hits you! You resist.
You die...

#..#.#.#{ { {{#)#
+#####. #..#.§§#
#.# .......
#...§≈§# #.#
....... #..#§§§# {
§#.# #######
#...§§.# .#.#
##...≈.#p#####.#.#
#...#.#...†pp.#.#
#...#.###§≈§###.#
#.#.#.......@...#
#...#############
##... #...


You could see 2 hell knights.

Vanquished Creatures
  Harold (D:9)
  A hydra (D:10)
  A boulder beetle (D:10)
  Erolcha (D:11)
  3 centaur warriors (D:10)
  An ogre mage (D:10)
  2 two-headed ogres (D:11)
  3 hell knights (D:12)
  A soul eater (D:11)
  Nergalle (D:10)
  A sixfirhy (D:11)
  Amaemon (D:10)
  A wolf spider (D:10)
  2 ugly things (D:10)
  An orange demon (D:10)
  Joseph (D:9)
  Maggie (D:7)
  A yaktaur (shapeshifter) (D:10)
  A tengu conjurer (D:10)
  3 ice devils (D:11)
  A hellwing (D:11)
  2 hornets
  3 trolls
  3 yaks (D:11)
  A wraith (D:12)
  A wyvern (D:8)
  A ynoxinul (D:11)
  A shadow (D:10)
  A basilisk (D:11)
  2 chaos spawn (D:11)
  2 steam dragons
  A neqoxec (D:11)
  9 vampire mosquitoes
  A warg (D:8)
  Edmund (D:6)
  2 acid dragons (D:11)
  2 water moccasins
  7 hell hounds (D:12)
  An ice beast (D:6)
  3 orc warriors
  A sky beast (D:7)
  A boggart (D:10)
  An ogre (D:6)
  3 centaurs
  5 kobold brigands
  2 bullfrogs (D:7)
  A gnoll sergeant (D:9)
  2 scorpions
  A necrophage (D:4)
  The ghost of sanka the Chopper, a weakling MeDe (D:4)
  13 killer bees
  3 howler monkeys
  A quasit (D:11)
  3 hounds
  2 gnoll boudas
  2 jellies
  7 orc priests
  Jessica (D:2)
  2 iguanas
  14 orc wizards
  Natasha (twice) (D:2)
  A howler monkey zombie (D:4)
  12 gnolls
  2 howler monkey skeletons (D:4)
  9 adders
  A shadow imp (D:7)
  2 worms
  2 dart slugs
  26 orcs
  4 ball pythons
  3 endoplasms
  6 giant cockroaches
  11 goblins
  2 hobgoblins
  28 kobolds
  3 quokkas
  2 bats
  2 frilled lizards (D:1)
  7 rats
  A spectral orc (D:9)
265 creatures vanquished.

Vanquished Creatures (others)
  4 demonic plants (D:11)
4 creatures vanquished.

Grand Total: 269 creatures vanquished

Notes
Turn   | Place    | Note
-------+----------+-------------------------------------------
     0 | D:1      | Arum the Formicid Fighter began the quest for the Orb.
     0 | D:1      | Reached XP level 1. HP: 18/18 MP: 1/1
   141 | D:1      | Reached XP level 2. HP: 24/24 MP: 2/2
   935 | D:2      | Reached XP level 3. HP: 30/30 MP: 3/3
  1162 | D:2      | Found an iron altar of Okawaru.
  1170 | D:2      | Became a worshipper of Warmaster Okawaru
  1411 | D:2      | Noticed Natasha
  1421 | D:2      | Killed Natasha
  1422 | D:2      | Reached XP level 4. HP: 16/37 MP: 4/4
  1508 | D:2      | Noticed Natasha
  1532 | D:2      | Killed Natasha
  1533 | D:2      | Reached skill level 4 in Fighting
  1702 | D:2      | Noticed Jessica
  1706 | D:2      | Killed Jessica
  1707 | D:2      | Reached XP level 5. HP: 42/42 MP: 5/5
  1970 | D:3      | Found an ancient bone altar of Kikubaaqudgha.
  2755 | D:4      | Found a runed translucent gate.
  2755 | D:4      | Found a runed translucent gate.
  2758 | D:4      | Found a runed translucent gate.
  2764 | D:4      | Noticed sanka's ghost (weakling MeDe)
  2807 | D:4      | Reached XP level 6. HP: 46/49 MP: 6/6
  2868 | D:4      | Reached * piety under Okawaru
  2869 | D:4      | Reached skill level 5 in Fighting
  2869 | D:4      | Reached skill level 5 in Armour
  3134 | D:4      | Found a bloodstained altar of Trog.
  3282 | D:4      | Found a hazy altar of Hepliaklqana.
  3660 | D:4      | Found a blossoming altar of Fedhas.
  3823 | D:4      | Killed sanka's ghost
  3824 | D:4      | Reached XP level 7. HP: 18/56 MP: 5/7
  4050 | D:5      | Entered Level 5 of the Dungeon
  4543 | D:5      | Found a runed translucent door.
  4544 | D:5      | Noticed arrururu's ghost (novice TeAE)
  4874 | D:6      | Reached ** piety under Okawaru
  4875 | D:6      | Reached skill level 6 in Fighting
  5102 | D:6      | Reached skill level 5 in Axes
  5110 | D:6      | Reached XP level 8. HP: 62/64 MP: 8/8
  5129 | D:6      | Noticed Edmund
  5179 | D:6      | Killed Edmund
  5370 | D:6      | HP: 2/65 [gnoll/+0 spear[a gnoll bouda] (5)]
  6204 | D:6      | Reached *** piety under Okawaru
  6205 | D:6      | Reached skill level 7 in Fighting
  6212 | D:6      | Found a staircase to the Ecumenical Temple.
  6450 | D:7      | Reached XP level 9. HP: 72/72 MP: 9/9
  6803 | D:7      | Noticed Maggie
  6814 | D:7      | Killed Maggie
  6814 | D:7      | Reached **** piety under Okawaru
  6815 | D:7      | Reached skill level 8 in Fighting
  7214 | D:7      | Reached skill level 1 in Invocations
  7452 | D:7      | Found an ornate altar of the Wu Jian Council.
  7452 | D:7      | Found a snail-covered altar of Cheibriados.
  7767 | D:8      | You are sucked into a shaft and drop 1 floor!
  7779 | D:9      | Found a white marble altar of Elyvilon.
  7866 | D:9      | Noticed Harold
  7906 | D:8      | Reached XP level 10. HP: 27/82 MP: 8/12
  8288 | D:8      | Reached ***** piety under Okawaru
  8343 | D:8      | Reached skill level 9 in Fighting
  8671 | D:8      | Reached skill level 1 in Dodging
  9043 | D:9      | Killed Harold
  9044 | D:9      | Reached skill level 5 in Invocations
  9065 | D:9      | Noticed Joseph
  9239 | D:9      | Killed Joseph
  9430 | D:9      | Found a staircase to the Orcish Mines.
  9589 | D:9      | Found Podoch's Neck Hole.
  9592 | D:9      | Bought a scarf of resistance for 416 gold pieces
  9772 | D:9      | Found a basalt altar of Yredelemnul.
  9979 | D:10     | Entered Level 10 of the Dungeon
 10102 | D:10     | Reached skill level 10 in Fighting
 10105 | D:10     | Reached XP level 11. HP: 74/90 MP: 15/15
 10343 | D:10     | Noticed a cyan ugly thing
 10343 | D:10     | Noticed a centaur warrior
 10343 | D:10     | Noticed a wolf spider
 10351 | D:10     | Killed a wolf spider
 10354 | D:10     | Killed a centaur warrior
 10354 | D:10     | Received a gift from Okawaru
 10356 | D:10     | Killed a cyan ugly thing
 10682 | D:10     | Noticed Amaemon
 10691 | D:10     | Killed Amaemon
 10899 | D:10     | Reached skill level 5 in Dodging
 11187 | D:10     | Reached skill level 11 in Fighting
 11215 | D:10     | Noticed Nergalle
 11230 | D:10     | Killed Nergalle
 11349 | D:10     | Identified the +0 scale mail "Zibixt" {-Cast rPois rCorr
                  | Dex+4}
 11385 | D:10     | Reached skill level 10 in Axes
 11407 | D:10     | Noticed a centaur warrior
 11418 | D:10     | Killed a centaur warrior
 11672 | D:10     | Noticed a boulder beetle
 11681 | D:10     | Killed a boulder beetle
 11681 | D:10     | Received a gift from Okawaru
 11697 | D:10     | Noticed an ogre mage
 11704 | D:10     | Got the Collected Works on the Doomed Nimbus
 11742 | D:10     | Noticed an eight-headed hydra
 11754 | D:10     | Killed a one-headed hydra
 11755 | D:10     | Reached XP level 12. HP: 31/101 MP: 8/16
 12025 | D:10     | Noticed a centaur warrior
 12032 | D:10     | Killed a centaur warrior
 12082 | D:10     | Killed an ogre mage
 12090 | D:10     | Reached skill level 12 in Fighting
 12433 | D:11     | Gained mutation: Your magical capacity is low. (-10% MP) [a
                  | neqoxec]
 12559 | D:11     | Noticed a two-headed ogre
 12559 | D:11     | Noticed a soul eater
 12567 | D:11     | Killed a two-headed ogre
 12567 | D:11     | Received a gift from Okawaru
 12577 | D:11     | Killed a soul eater
 13070 | D:11     | Noticed Erolcha
 13071 | D:11     | Found a staircase to the Lair.
 13086 | D:11     | Killed Erolcha
 13484 | D:11     | Noticed a two-headed ogre
 13488 | D:11     | Killed a two-headed ogre
 13754 | D:11     | Noticed a sixfirhy
 13764 | D:11     | Killed a sixfirhy
 13764 | D:11     | Identified the +6 chain mail "Honumeoh" {Drain rElec
                  | Will+++ Str-4} (Okawaru gifted it to you on level 11 of the
                  | Dungeon)
 13764 | D:11     | Received a gift from Okawaru
 13829 | D:11     | Reached skill level 13 in Fighting
 13918 | D:11     | Reached XP level 13. HP: 74/111 MP: 15/15
 15070 | D:12     | Killed from afar by a hell knight

Illustrated notes

Levels and vault maps discovered:
D:1:      dpeg_arrival_solitude, layout_basic
D:2:      layout_basic, basic_altar, uniq_jessica, uniq_natasha
D:3:      layout_basic, mainiacjoe_overflow_alcove_2, interstate_on_off
D:4:      layout_basic, pf_just_have_faith, lemuel_coloured_pillars_altar,
          fedhas_altar_4, gammafunk_ghost_necromancy, kennysheep_generic_room_9
D:5:      layout_rooms, hellmonk_ghost_happy_afterlife, st_stairs_1
D:6:      layout_rooms, minmay_temple_entry_nine_rooms, minivault_27,
          uniq_edmund
D:7:      layout_basic, gammafunk_temple_overflow_pools, roderic_lattice_a,
          uniq_maggie
D:8:      layout_loops_ring
D:9:      layout_gridville, yredelemnul_forgotten_temple_becter,
          mainiacjoe_overflow_paths, erik_orc_4,
          nicolae_shop_sticking_my_neck_out, uniq_joseph, uniq_harold
D:10:     minmay_curly_fans, layout_grid_maze, minmay_evil_grid, uniq_amaemon,
          uniq_nergalle
D:11:     layout_stronghold, lair_entry_dummy, serial_demonic, serial_demonic_e,
          serial_demonic_b, serial_demonic_b, serial_demonic_d, uniq_erolcha
D:12:     layout_irregular_city, minmay_rotating_lava

Skill      XL: |  1  2  3  4  5  6  7  8  9 10 11 12 13 |
---------------+----------------------------------------+-----
Armour         | 4 5 6 7 8 9 |  9.0
Fighting       | 4 5 6 7 8 10 11 13 | 13.5
Axes           | 3 4 5 6 7 8 10 11 12 | 12.2
Invocations    | 3 6 |  6.0
Dodging        | 3 6 8 |  8.6
Shields        | |  4.0

Action                   |  1- 3 |  4- 6 |  7- 9 | 10-12 | 13-15 || total
-------------------------+-------+-------+-------+-------+-------++-------
Melee: War axe           |    59 |   130 |   194 |   182 |       ||   565
       Unarmed           |       |       |    19 |       |       ||    19
       Hand axe          |       |       |       |     9 |       ||     9
       Broad axe         |       |       |       |   137 |    59 ||   196
Throw: Javelin           |       |       |     2 |       |       ||     2
Invok: Heroism           |       |     1 |     7 |    12 |     3 ||    23
       Finesse           |       |       |       |     3 |       ||     3
 Abil: Dig               |       |     1 |       |       |       ||     1
Evoke: Wand              |       |       |     2 |       |       ||     2
  Use: Potion            |     1 |     1 |     5 |       |       ||     7
       Scroll            |       |       |    16 |     6 |       ||    22
 Stab: Distracted        |       |       |     1 |     2 |       ||     3
Armor: Scale mail        |    20 |    55 |    56 |       |       ||   131
       Skin              |       |       |     1 |       |       ||     1
       Acid dragon scale |       |       |    16 |     1 |       ||    17
       Plate armour      |       |       |       |   179 |       ||   179
       Chain mail        |       |       |       |    15 |    34 ||    49
Dodge: Dodged            |    21 |    49 |   107 |   146 |    43 ||   366
Block: Buckler           |    13 |    21 |    52 |    85 |    23 ||   194
